 Dungeon Crawl Stone Soup version 0.28-a0-957-g42eb19b844 (webtiles) character file.

Game seed: 9737738138021420079

42 vurker the Gusty (level 3, 15/15 HPs)
             Began as a Felid Air Elementalist on Nov 30, 2021.
             Quit the game on level 3 of the Dungeon.
             The game lasted 00:02:03 (2678 turns).

vurker the Gusty (Felid Air Elementalist)           Turns: 2678, Time: 00:02:04

Health: 15/15      AC:  1    Str:  4    XL:     3   Next: 33%
Magic:  8/8        EV: 17    Int: 18    God:
Gold:   105        SH:  0    Dex: 16    Spells: 6/7 levels left
                                        Lives:  0   Deaths: 1

rFire   . . .      SeeInvis +   (weapon unavailable)
rCold   . . .      Faith    .   (shield unavailable)
rNeg    + . .      Spirit   .   (armour unavailable)
rPois   .          Reflect  .   (helmet unavailable)
rElec   .          Harm     .   (cloak unavailable)
rCorr   .          Rampage  .   (gloves unavailable)
Will    .....                   (boots unavailable)
Stlth   ++........              (no amulet)
HPRegen 0.05/turn               a - ring of positive energy
MPRegen 0.11/turn               (no ring)

@: quick
A: very small, claws 1, fangs 3, see invisible, speed 1, shaggy fur 1, stealthy
paws, no weapons or thrown items, no armour, multi-lived
a: no special abilities


You were on level 3 of the Dungeon.
You visited 1 branch of the dungeon, and saw 3 of its levels.

You collected 105 gold pieces.

Inventory:

Jewellery
 a - a ring of positive energy (left paw)
   (You found it on level 1 of the Dungeon)
Wands
 t - a wand of flame (13)
   (You found it on level 2 of the Dungeon)
Scrolls
 b - 4 scrolls of identify {unknown}
 d - a scroll of teleportation {unknown}
 e - a scroll of magic mapping {unknown}
 f - a scroll of blinking {unknown}
Potions
 c - a potion of haste {unknown}
 g - a potion of brilliance {unknown}


   Skills:
 + Level 1.4 Fighting
 - Level 2.6 Dodging
 - Level 2.6 Stealth
 * Level 2.9 Spellcasting
 + Level 1.6 Conjurations
 * Level 3.5 Air Magic


You had 6 spell levels left.
You knew the following spells:

 Your Spells              Type           Power      Damage    Failure   Level
a - Shock                 Conj/Air       44%        1d5       6%          1

Your spell library contained the following spells:

 Spells                   Type           Power      Damage    Failure   Level
 Static Discharge         Conj/Air       11%        N/A       9%          2
 Swiftness                Air            15%        N/A       12%         3
 Blink                    Tloc           4%         N/A       26%         2
 Airstrike                Air            7%         N/A       36%         4
 Lesser Beckoning         Tloc           2%         N/A       45%         3
 Manifold Assault         Tloc           2%         N/A       99%         5


Dungeon Overview and Level Annotations

Branches:
Dungeon (3/15)

Altars:


Innate Abilities, Weirdness & Mutations

You have sharp claws.
You have razor-sharp teeth.
You have supernaturally acute eyesight. (SInv)
You cover ground quickly. (Speed+)
You are covered in fur. (AC +1)
Your paws help you pounce on unaware monsters.
You are incapable of wielding weapons or throwing items.
You cannot wear armour.
You gain extra lives every three experience levels.


Message History

There is a stone staircase leading down here.
Found an escape hatch in the ceiling.
Found a book of Blood. 2 gnolls and a kobold come into view.
The gnoll shouts!
You hear a shout!
A gnoll comes into view. It is wielding a +0 spear.
You hear a shout!
The gnoll shouts!
You miscast Shock.
You are very lightly contaminated with residual magic.
Nothing appears to happen.
The kobold shouts!
Aim: a kobold, wielding a +0 dagger (60% to hit)
The zap misses the kobold.
Aim: a kobold, wielding a +0 dagger (60% to hit)
The zap hits the kobold. x2
You kill the kobold!
The gnoll throws a throwing net.
The throwing net hits you.
You become entangled in the net!
Your magical contamination has completely faded away.
Aim: a gnoll, wielding a +0 flail (72% to hit)
The zap misses the gnoll.
The zap hits the gnoll.
Aim: a gnoll, wielding a +0 flail (72% to hit)
The zap hits the gnoll.
Aim: a gnoll, wielding a +0 flail (moderately wounded, 72% to hit)
The zap hits the gnoll. x2
A gnoll comes into view.
It is wielding a +0 flail of protection.
Aim: a gnoll, wielding a +0 flail (heavily wounded, 72% to hit)
The zap hits the gnoll but does no damage.
Aim: a gnoll, wielding a +0 flail (heavily wounded, 72% to hit)
The zap hits the gnoll. x2
Aim: a gnoll, wielding a +0 flail (heavily wounded, 72% to hit)
The zap hits the gnoll. x2
The zap hits the gnoll but does no damage.
The gnoll hits you with a +0 flail!
Ouch! That really hurt!
* * * LOW HITPOINT WARNING * * *
The gnoll hits you from afar with a +0 spear.
* * * LOW HITPOINT WARNING * * *
You struggle against the net.
The gnoll barely misses you.
The gnoll hits you from afar with a +0 spear.
* * * LOW HITPOINT WARNING * * *
You struggle against the net.
The gnoll barely misses you. The gnoll closely misses you.
The gnoll completely misses you.
You rip the net and break free!
The gnoll hits you from afar with a +0 spear.
You die...
The gnoll hits you with a +0 flail!
The gnoll hits you from afar with a +0 spear.
You are now level 3!
You rejoin the land of the living...

......# .^....# #
......# #.#####..#
.....# #..@....#
.....# ##..#####
#.##.#####<.#
####.##.#......#
#....##g.....#.#
#....†ggg)##.#.#
#....#######...#
#....########....
#..............g##


There were no monsters in sight!

Vanquished Creatures
  Terence (D:2)
  An adder (D:2)
  A worm (D:2)
  2 dart slugs
  4 endoplasms
  7 goblins
  6 hobgoblins
  5 jackals (D:2)
  2 kobolds
  A quokka (D:2)
  5 ball pythons
  2 bats
  5 frilled lizards
  6 rats
48 creatures vanquished.

Notes
Turn   | Place    | Note
-------+----------+-------------------------------------------
     0 | D:1      | vurker the Felid Air Elementalist began the quest for the
                  | Orb.
     0 | D:1      | Reached XP level 1. HP: 7/7 MP: 4/4
   196 | D:1      | Reached skill level 1 in Conjurations
   320 | D:1      | Reached XP level 2. HP: 11/11 MP: 1/6
   502 | D:1      | Reached skill level 3 in Air Magic
  1031 | D:2      | Reached skill level 1 in Fighting
  1362 | D:2      | Reached XP level 3. HP: 15/15 MP: 5/7
  2133 | D:2      | Noticed Terence
  2168 | D:2      | Killed Terence
  2169 | D:2      | Reached XP level 4. HP: 10/19 MP: 1/9
  2677 | D:3      | Slain by a gnoll
  2678 | D:3      | Reached XP level 3. HP: -1/15 MP: 1/8
  2678 | D:3      | Quit the game

Illustrated notes

Levels and vault maps discovered:
D:1:      dpeg_arrival_concentric_ovals, layout_basic, minmay_tripent
D:2:      kennysheep_big_flooded_room, layout_basic, lemuel_old_faithful,
          uniq_terence
D:3:      layout_rooms, shapermc_ecumenical_altar_ellora, serial_shops,
          nicolae_diamond_shop, grunt_ministairs_14, uniq_sigmund,
          uniq_crazy_yiuf_cottage, uniq_robin

Skill      XL: |  1  2 |
---------------+-------+-----
Conjurations   | 1 |  1.6
Air Magic      | 3 |  3.5
Fighting       | 1 |  1.4
Dodging        | |  2.6
Stealth        | |  2.6
Spellcasting   | |  2.9

Action                   |  1- 3 |  4- 6 || total
-------------------------+-------+-------++-------
Melee: Unarmed           |    24 |     1 ||    25
       Bite              |     1 |       ||     1
 Cast: Shock             |   100 |    19 ||   119
Armor: Skin              |     3 |       ||     3
Dodge: Dodged            |    28 |     4 ||    32

Table legend: (Time is in decaauts)
 A = Elapsed time spent in this place.
 B = Non-inter-level travel time spent in this place.
 C = Inter-level travel time spent in this place.
 D = Time resting spent in this place.
 E = Time spent auto-exploring this place.
 F = Levels seen in this place.
 G = Mean time per level.
                   A        B        C        D        E       F      G
               +--------+--------+--------+--------+--------+-----+--------+
         Total |   2431 |   2394 |     37 |      0 |   2098 |   3 |  810.3 |
       Dungeon |   2431 |   2394 |     37 |      0 |   2098 |   3 |  810.3 |
               +--------+--------+--------+--------+--------+-----+--------+

Top non-repeatable levels by time:
     D:2: 1654 daAuts
     D:1: 743 daAuts
     D:3: 32 daAuts
